Map: Deathaura LE

Players

Throwfordays - Winner!

  • Race: Protoss Protoss
  • League: Silver
  • Spawn Location: 11:00

Bananinha

  • Race: Protoss Protoss
  • Spawn Location: 5:00

VOD

Have the link to the VOD?

Description

Time

  • Played on: July 17, 2020, 6:15 p.m.
  • Length: 5:28
Show
View Real Time Build Order
Export as new Build Order

Throwfordays Protoss - Winner!

Build Orders:  

Get SALT Encoding   

  12  0:00  Probe  
  13  0:13  Pylon  
  13  0:14  Probe  
  14  0:22  Probe  
  15  0:33  Forge  
  15  0:37  Probe  
  16  0:49  Probe  
  17  1:09  Pylon  
  17  1:29  Pylon  
  17  1:40  Pylon  
  17  1:49  Photon Cannon  
  17  1:50  Pylon  
  17  1:51  Pylon x2  
  17  1:56  Photon Cannon  
  17  2:14  Photon Cannon  
  16  2:25  Photon Cannon  
  16  2:27  Photon Cannon  
  16  2:33  Pylon  
  16  2:58  Photon Cannon  
  16  3:01  Photon Cannon  
  16  3:02  Photon Cannon  
  16  3:06  Pylon  
  16  3:25  Photon Cannon  
  16  3:26  Photon Cannon  
  16  3:28  Photon Cannon  
  16  3:33  Photon Cannon  
  16  3:43  Photon Cannon  
  16  3:52  Photon Cannon  
  16  4:16  Pylon  
  16  4:18  Pylon  
  16  4:35  Photon Cannon  
  16  4:38  Photon Cannon  
  16  4:39  Photon Cannon  
  16  4:48  Photon Cannon  
  16  5:08  Photon Cannon  
  16  5:10  Photon Cannon  
Show
View Real Time Build Order
Export as new Build Order

Bananinha Protoss 

Build Orders:  

Get SALT Encoding   

  12  0:02  Probe  
  13  0:14  Probe  
  13  0:19  Pylon  
  14  0:26  Probe  
  15  0:38  Probe  
  15  0:41  Gateway  
  16  0:51  Probe  
  16  0:53  Assimilator  
  17  1:00  Assimilator  
  17  1:03  Probe  
  18  1:15  Probe  
  18  1:16  Gateway  
  19  1:27  Probe  
  20  1:37  Zealot  
  20  1:39  Probe  
  23  1:43  Pylon  
  23  2:01  Probe  
  24  2:14  Zealot x2  
  28  2:23  Probe  
  25  2:35  Probe  
  20  2:47  Probe  
  21  2:59  Probe  
  21  3:02  Pylon  
  21  3:03  Zealot  
  22  3:11  Probe  
  22  3:17  Pylon  
    3:41  Probe  
  1  3:49  Probe  
  2  3:57  Probe  
  3  4:05  Probe  
  3  4:13  Probe  
  1  4:24  Probe  
Tags
 
League
Silver
Matchup
PvP
Replay Pack
Multiplayer
Spawn Locations
Cross Positions
Add a new tag
Caveats
  • Supply blocks, unpowered buildings, or Contaminate may cause inaccurate times.
  • Supply counts are checked every 10 seconds.